 Dungeon Crawl Stone Soup version 0.27-a0-668-gb5737ff2c0 (webtiles) character file.

Game seed: 5100874028692404577

10634 rageheart7 the Cleaver (level 11, -9/105 HPs)
             Began as a Hill Orc Fighter on Mar 17, 2021.
             Was a High Priest of Okawaru.
             Mangled by a skeletal warrior
             ... wielding a +0 scimitar
             ... led by a skeletal warrior
              (12 damage)
             ... on level 11 of the Dungeon.
             The game lasted 00:19:35 (12670 turns).

rageheart7 the Cleaver (Hill Orc Fighter)          Turns: 12670, Time: 00:19:36

Health: -9/105     AC: 12    Str: 25    XL:     11   Next: 65%
Magic:  12/12      EV: 21    Int:  8    God:    Okawaru [*****.]
Gold:   1227       SH:  0    Dex: 12    Spells: 10/10 levels left

rFire    . . .     SeeInvis .   H - +8 broad axe of the Coin {freeze, rPois Dex+4}
rCold    . . .     Faith    .   (no shield)
rNeg     + + +     Spirit   .   b - +0 scale mail
rPois    +         Reflect  .   B - +0 helmet
rElec    .         Harm     .   s - +1 cloak of Starlight {*Dazzle EV+4 Stlth--}
rCorr    +         Rampage  .   g - +0 pair of gloves
Will     .....                  r - +1 pair of boots
Stlth    ..........             u - amulet of magic regeneration
HPRegen  0.27/turn              h - +4 ring of evasion
MPRegen  0.38/turn              p - ring "Hyunot" {rN+++ rCorr Str+4 Dex-4}

@: no status effects
A: repulsion field 1, deformed body
a: Renounce Religion, Heroism, Finesse


You were on level 11 of the Dungeon.
You worshipped Okawaru.
Okawaru was extremely pleased with you.
You visited 1 branch of the dungeon, and saw 11 of its levels.

You collected 1227 gold pieces.

Inventory:

Hand Weapons
 k - a +2 vampiric trident
 H - the +8 broad axe of the Coin (weapon) {freeze, rPois Dex+4}
   (You took it off a frost giant on level 10 of the Dungeon)

   It has been specially enchanted to freeze those struck by it, causing extra
   injury to most foes and up to half again as much damage against particularly
   susceptible opponents.
   It can also slow down cold-blooded creatures.
   It affects your dexterity (+4).
   It protects you from poison.
Missiles
 a - 5 boomerangs (quivered)
Armour
 b - a +0 scale mail (worn)
 d - a +0 buckler
 g - a +0 pair of gloves (worn)
 o - +0 steam dragon scales
 r - a +1 pair of boots (worn)
 s - the +1 cloak of Starlight (worn) {*Dazzle EV+4 Stlth--}
   (You found it on level 5 of the Dungeon)

   It affects your evasion (+4).
   It makes you much less stealthy.
 B - a +0 helmet (worn)
Jewellery
 h - a +4 ring of evasion (right hand)
 n - a +4 ring of protection
 p - the ring "Hyunot" (left hand) {rN+++ rCorr Str+4 Dex-4}
   (You found it on level 5 of the Dungeon)

   [ring of resist corrosion]

   It affects your strength (+4).
   It affects your dexterity (-4).
   It renders you almost immune to negative energy.
   It provides partial protection from all sources of acid and corrosion.
 u - an amulet of magic regeneration (around neck)
 v - a ring of poison resistance
Wands
 f - a wand of mindburst (43)
 l - a wand of random effects (16)
 q - a wand of paralysis (11)
 x - a wand of polymorph (12)
 F - a wand of flame (18)
Scrolls
 e - 2 scrolls of enchant armour
 i - 3 scrolls of fear
 m - 4 scrolls of teleportation
Potions
 c - a potion of cancellation
 j - a potion of invisibility
 z - a potion of flight
 A - 4 potions of brilliance
Miscellaneous
 C - a tin of tremorstones (2/2)


   Skills:
 - Level 12.3 Fighting
 * Level 14.6 Axes
 * Level 8.6 Armour
 * Level 4.3 Dodging
 - Level 3.2 Shields
 * Level 2.4 Invocations
 - Level 1.5 Evocations


You had 10 spell levels left.
You didn't know any spells.
Your spell library contained the following spells:

 Spells                   Type           Power      Damage    Failure   Level
 Corona                   Hex            0%         N/A       65%         1
 Ensorcelled Hibernation  Hex/Ice        0%         N/A       80%         2
 Confusing Touch          Hex            0%         N/A       95%         3
 Dazzling Flash           Conj/Hex       0%         N/A       95%         3
 Tukima's Dance           Hex            0%         N/A       95%         3
 Ice Form                 Ice/Tmut       0%         N/A       100%        4
 Metabolic Englaciation   Hex/Ice        0%         N/A       100%        5
 Freezing Cloud           Conj/Ice/Air   0%         6-21      100%        6
 Simulacrum               Ice/Necr       0%         N/A       100%        6
 Ozocubu's Refrigeration  Ice            0%         4d5       100%        7


Dungeon Overview and Level Annotations

Branches:
Dungeon (11/15)            Temple (0/1) D:6            Lair (0/6) D:10
    Orc (0/2) D:11

Altars:
Elyvilon
Gozag
Hepliaklqana
Nemelex Xobeh
Okawaru
Qazlal
Ru
Vehumet
Wu Jian
Yredelemnul
The Shining One

Annotations:
D:5 2 transporters
D:9 exclusion: orange crystal statue


Innate Abilities, Weirdness & Mutations

You are surrounded by a mild repulsion field. (EV +2)
Armour fits poorly on your strangely shaped body.


Message History

You slash the skeletal warrior!
The skeletal warrior is severely damaged.
A skeletal warrior comes into view. It is wielding a +0 scimitar.
The skeletal warrior hits you with a +0 short sword!
The skeletal warrior hits you but does no damage.
You are too injured to fight recklessly!
You are too injured to fight recklessly!
The skeletal warrior completely misses you.
You slice the skeletal warrior!! You freeze the skeletal warrior.
You destroy the skeletal warrior!
Okawaru is honoured by your kill.
You feel better. The skeletal warrior barely misses you.
You feel like a meek peon again.
The skeletal warrior hits you with a +0 trident!!
* * * LOW HITPOINT WARNING * * *
You slice the skeletal warrior!! You freeze the skeletal warrior.
The skeletal warrior is heavily damaged.
You hit the skeletal warrior. You freeze the skeletal warrior.
The skeletal warrior hits you but does no damage.
You hit the skeletal warrior.
The skeletal warrior is heavily damaged.
You closely miss the skeletal warrior. The skeletal warrior barely misses you.
The skeletal warrior hits you with a +0 trident!
* * * LOW HITPOINT WARNING * * *
Your scale mail prevents you from hitting the skeletal warrior.
The skeletal warrior is heavily damaged.
You hit the skeletal warrior. You freeze the skeletal warrior.
The skeletal warrior misses you. x2
You slash the skeletal warrior! You freeze the skeletal warrior.
The skeletal warrior is almost destroyed.
You slash the skeletal warrior! You freeze the skeletal warrior.
The skeletal warrior completely misses you.
The skeletal warrior hits you with a +0 trident!
* * * LOW HITPOINT WARNING * * *
You slash the skeletal warrior! You freeze the skeletal warrior.
You destroy the skeletal warrior!
Okawaru accepts your kill.
You hit the skeletal warrior but do no damage.
The skeletal warrior hits you with a +0 scimitar!
You die...

#..............
########.###....####
#..........<###.# #........####
#.# ##### #........# #.######
....# #........######.......
...>############............#####
............................'....
................@z..........##...
....############.)..........##...
#.....####...# #............##...
...8.....#...# ####.####+#####...
......(..#...# #.)# #...
.....).......# ##.# ....
...>.†).8....# [.z .....
.....))).....# #.... .$....
......)..#...# ............


You could see a skeletal warrior.

Vanquished Creatures
  A frost giant (D:10)
  A two-headed ogre (D:9)
  3 skeletal warriors (D:11)
  An unseen horror (D:11)
  An ugly thing (D:11)
  A cyclops (D:7)
  3 rime drakes (D:10)
  Maggie (D:7)
  2 trolls
  Sigmund (D:4)
  2 water moccasins (D:9)
  4 orc warriors
  A sky beast (D:6)
  5 ice beasts
  8 ogres
  3 wolves (D:10)
  3 centaurs
  A phantom (D:11)
  Blork the orc (D:4)
  11 scorpions
  A water moccasin skeleton (D:9)
  4 electric eels (D:10)
  3 howler monkeys
  2 centaur zombies
  A bullfrog zombie (D:10)
  5 orc priests
  6 hounds (D:10)
  A quasit (D:10)
  Jessica (D:3)
  5 iguanas
  4 worker ants
  4 orc wizards
  A killer bee zombie (D:9)
  A worker ant zombie (D:9)
  7 gnolls
  12 adders
  3 shadow imps (D:5)
  A white imp (D:6)
  2 ufetubi (D:6)
  An ooze (D:1)
  4 adder skeletons
  A worm (D:1)
  A dart slug (D:1)
  3 leopard geckos
  55 orcs
  3 ball pythons
  16 bats
  2 giant cockroaches
  9 hobgoblins
  8 jackals
  6 quokkas
  6 frilled lizards
  13 goblins
  A jackal skeleton (D:4)
  7 kobolds
  A quokka zombie (D:4)
  3 rats
258 creatures vanquished.

Vanquished Creatures (others)
  An orc (D:11)
  18 fungi (D:4)
  A plant (D:3)
20 creatures vanquished.

Grand Total: 278 creatures vanquished

Notes
Turn   | Place    | Note
-------+----------+-------------------------------------------
     0 | D:1      | rageheart7 the Hill Orc Fighter began the quest for the
                  | Orb.
     0 | D:1      | Reached XP level 1. HP: 19/19 MP: 1/1
   240 | D:1      | Reached skill level 3 in Axes
   359 | D:1      | Reached XP level 2. HP: 27/27 MP: 2/2
  1058 | D:1      | Reached XP level 3. HP: 34/34 MP: 3/3
  1430 | D:1      | Reached skill level 4 in Axes
  2024 | D:2      | Reached XP level 4. HP: 41/41 MP: 4/4
  2402 | D:3      | Reached skill level 5 in Axes
  2730 | D:3      | Reached XP level 5. HP: 28/47 MP: 5/5
  3077 | D:3      | Found a radiant altar of Vehumet.
  3077 | D:3      | Found a basalt altar of Yredelemnul.
  3103 | D:3      | Found a white marble altar of Elyvilon.
  3253 | D:3      | Noticed Jessica
  3259 | D:3      | Killed Jessica
  3260 | D:3      | Reached skill level 5 in Fighting
  3260 | D:3      | Reached skill level 6 in Axes
  3536 | D:4      | Noticed Blork the orc
  3542 | D:4      | Noticed Sigmund
  3726 | D:3      | Reached XP level 6. HP: 56/56 MP: 6/6
  3819 | D:4      | Reached skill level 7 in Axes
  3854 | D:4      | Killed Sigmund
  3855 | D:4      | Reached skill level 8 in Axes
  3886 | D:4      | Reached XP level 7. HP: 63/63 MP: 7/7
  3922 | D:4      | Killed Blork the orc
  4028 | D:4      | Reached skill level 9 in Axes
  4732 | D:4      | Reached XP level 8. HP: 66/71 MP: 8/8
  4969 | D:5      | Entered Level 5 of the Dungeon
  5013 | D:5      | Found a transporter.
  5128 | D:5      | Identified the ring "Hyunot" {rN+++ rCorr Str+4 Dex-4}
  5210 | D:5      | Found an ornate altar of the Wu Jian Council.
  5400 | D:5      | Found the +1 cloak of Starlight {*Dazzle EV+4 Stlth--}
  5430 | D:5      | Reached skill level 10 in Axes
  5665 | D:5      | Found a transporter.
  5852 | D:5      | Found a glowing golden altar of the Shining One.
  5984 | D:5      | Found a stormy altar of Qazlal.
  5984 | D:5      | Found an iron altar of Okawaru.
  6029 | D:5      | Became a worshipper of Warmaster Okawaru
  6565 | D:6      | Reached skill level 11 in Axes
  6623 | D:6      | Reached * piety under Okawaru
  6734 | D:6      | Found a staircase to the Ecumenical Temple.
  6790 | D:6      | Reached skill level 12 in Axes
  6796 | D:6      | Reached XP level 9. HP: 61/81 MP: 9/9
  6924 | D:6      | Found a sacrificial altar of Ru.
  6952 | D:6      | Identified the +3 falchion "Ryxuh" {elec, rElec rC+ Str+3
                  | Dex+3}
  7398 | D:6      | Identified a scroll of acquirement
  7427 | D:7      | Noticed a cyclops
  7436 | D:7      | Killed a cyclops
  7437 | D:7      | Reached skill level 13 in Axes
  7526 | D:7      | Noticed a boulder beetle
  7547 | D:7      | Acquired 794 gold pieces
  7599 | D:7      | Noticed Maggie
  7628 | D:7      | Killed Maggie
  7628 | D:7      | Reached ** piety under Okawaru
  8022 | D:7      | Found a sparkling altar of Nemelex Xobeh.
  8218 | D:7      | Reached skill level 1 in Dodging
  8582 | D:8      | Found a hazy altar of Hepliaklqana.
  8916 | D:8      | You fall into a shaft and drop 2 floors!
  8916 | D:10     | Entered Level 10 of the Dungeon
  9400 | D:9      | Found an opulent altar of Gozag.
  9461 | D:9      | Found an ornate altar of the Wu Jian Council.
  9492 | D:9      | Reached XP level 10. HP: 93/93 MP: 10/10
  9530 | D:9      | Reached skill level 10 in Fighting
  9658 | D:9      | Reached *** piety under Okawaru
  9739 | D:9      | Noticed a two-headed ogre
  9750 | D:9      | Killed a two-headed ogre
  9751 | D:9      | Reached skill level 5 in Armour
 10183 | D:9      | Noticed an orange crystal statue
 10758 | D:10     | Noticed a death knight
 10872 | D:10     | Reached **** piety under Okawaru
 11423 | D:10     | Identified the +8 broad axe of the Coin {freeze, rPois
                  | Dex+4}
 11423 | D:10     | Noticed a frost giant
 11445 | D:10     | Gained mutation: Armour fits poorly on your strangely
                  | shaped body. [potion of mutation]
 11445 | D:10     | Gained mutation: You are surrounded by a mild repulsion
                  | field. (EV +2) [potion of mutation]
 11456 | D:10     | Killed a frost giant
 11456 | D:10     | Reached ***** piety under Okawaru
 11457 | D:10     | Reached skill level 1 in Evocations
 11457 | D:10     | Reached XP level 11. HP: 15/104 MP: 11/11
 11460 | D:10     | Received a gift from Okawaru
 12013 | D:10     | Found a staircase to the Lair.
 12430 | D:11     | Noticed a two-headed ogre
 12516 | D:11     | Found a staircase to the Orcish Mines.
 12517 | D:11     | Noticed a green ugly thing
 12525 | D:11     | Killed an unseen horror
 12527 | D:11     | Reached skill level 14 in Axes
 12527 | D:11     | Reached skill level 1 in Invocations
 12532 | D:11     | Killed a green ugly thing
 12646 | D:11     | Noticed a skeletal warrior
 12646 | D:11     | Noticed a skeletal warrior
 12649 | D:11     | Noticed a skeletal warrior
 12655 | D:11     | Killed a skeletal warrior
 12657 | D:11     | Noticed a skeletal warrior
 12659 | D:11     | Killed a skeletal warrior
 12669 | D:11     | HP: 2/105 [skeletal warrior/+0 trident (17)]
 12670 | D:11     | Killed a skeletal warrior
 12670 | D:11     | Mangled by a skeletal warrior

Illustrated notes

Levels and vault maps discovered:
D:1:      dpeg_arrival_tiny_g, layout_basic
D:2:      layout_rooms
D:3:      layout_rooms, lemuel_doored_altar, gammafunk_temple_overflow_wave,
          uniq_jessica
D:4:      old_forge, layout_rooms, uniq_sigmund, uniq_blork_the_orc
D:5:      gammafunk_steamed_eel, layout_loops_corners, tso_metal_star,
          gammafunk_temple_overflow_elements, basic_altar
D:6:      layout_rooms, lemuel_crystal_altar, minmay_temple_entry_sparse_star
D:7:      layout_rooms, nemelex_altar_shiori, uniq_maggie
D:8:      layout_basic, old_standard_altar, minivault_10
D:9:      layout_stronghold, marbit_many_paths, kennysheep_mini,
          minmay_statue_bubble
D:10:     minmay_coctagon, layout_basic, erik_lair_island,
          onia_ninara_dug_in_and_dangerous
D:11:     layout_basic, david_orc_2, uniq_urug

Skill      XL: |  1  2  3  4  5  6  7  8  9 10 11 |
---------------+----------------------------------+-----
Fighting       | 4 5 6 7 9 11 12 | 12.3
Axes           | 3 4 5 6 8 9 12 13 14 | 14.6
Dodging        | 1 3 4 |  4.3
Armour         | 4 7 8 |  8.6
Evocations     | 1 |  1.5
Invocations    | 2 |  2.4
Shields        | |  3.2

Action                   |  1- 3 |  4- 6 |  7- 9 | 10-12 || total
-------------------------+-------+-------+-------+-------++-------
Melee: War axe           |   123 |   134 |   373 |   156 ||   786
       Broad axe         |       |       |       |    80 ||    80
Invok: Heroism           |       |       |       |     2 ||     2
Evoke: Wand              |       |     3 |     3 |    12 ||    18
  Use: Scroll            |     2 |     4 |    10 |     5 ||    21
       Potion            |       |     1 |     2 |     7 ||    10
 Stab: Invisible         |       |       |    22 |     8 ||    30
Armor: Scale mail        |    66 |    59 |    95 |    61 ||   281
       Steam dragon scal |       |       |     3 |       ||     3
Dodge: Dodged            |    72 |    72 |   278 |   190 ||   612

Table legend: (Time is in decaauts)
 A = Elapsed time spent in this place.
 B = Non-inter-level travel time spent in this place.
 C = Inter-level travel time spent in this place.
 D = Time resting spent in this place.
 E = Time spent auto-exploring this place.
 F = Levels seen in this place.
 G = Mean time per level.
                   A        B        C        D        E       F      G
               +--------+--------+--------+--------+--------+-----+--------+
         Total |  12662 |  12226 |    436 |   3350 |   7005 |  11 | 1151.1 |
       Dungeon |  12662 |  12226 |    436 |   3350 |   7005 |  11 | 1151.1 |
               +--------+--------+--------+--------+--------+-----+--------+

Top non-repeatable levels by time:
     D:1: 1803 daAuts
    D:10: 1774 daAuts
     D:3: 1430 daAuts
     D:5: 1417 daAuts
     D:9: 1381 daAuts
     D:4: 1203 daAuts
     D:7: 1074 daAuts
     D:6: 1020 daAuts
     D:8: 764 daAuts
     D:2: 607 daAuts
    D:11: 185 daAuts
